 Dungeon Crawl Stone Soup version 0.28-a0-683-ga8797d1ae1 (webtiles) character file.

Game seed: 1271087034129729879

12895 flyleaff the Thaumaturge (level 12, -5/62 HPs)
             Began as a Gargoyle Fire Elementalist on Oct 16, 2021.
             Was a Believer of Ru.
             Slain by a boulder beetle (13 damage)
             ... on level 10 of the Dungeon on Oct 19, 2021.
             The game lasted 00:49:20 (9240 turns).

flyleaff the Thaumaturge (GrFE)                     Turns: 9240, Time: 00:49:21

Health: -5/62      AC: 18    Str: 18    XL:     12   Next: 0%
Magic:  18/24      EV: 12    Int: 26    God:    Ru [**....]
Gold:   723        SH:  0    Dex:  8    Spells: 6/27 levels left

rFire   + . .      SeeInvis .   c - +3 spear (vamp)
rCold   . . .      Faith    .   (no shield)
rNeg    + . .      Spirit   .   m - +2 troll leather armour "Kalipt" {rPois Will+ Regen+ Str+5 Slay-2}
rPois   ∞          Reflect  .   e - +0 hat
rElec   +          Harm     .   (no cloak)
rCorr   .          Rampage  .   p - +2 pair of gloves
Will    +....                   (no boots)
Stlth   ..........              h - amulet of magic regeneration
HPRegen 1.20/turn               k - +6 ring of intelligence
MPRegen 0.44/turn               q - ring of protection from fire

@: unable to read
A: sickness immunity, AC +8, negative energy resistance 1, electricity
resistance, torment resistance 1, petrification resistance, inability to read
while threatened, no stealth, antennae 1, clumsy 1, frail 1
a: Renounce Religion


You were on level 10 of the Dungeon.
You worshipped Ru.
Ru was pleased with you.
You visited 1 branch of the dungeon, and saw 10 of its levels.

You collected 723 gold pieces.

Inventory:

Hand Weapons
 c - a +3 vampiric spear (weapon)
 w - a +1 vorpal scimitar
 y - a +3 long sword
 A - a +1 dagger of electrocution
Missiles
 i - 2 boomerangs of dispersal (quivered)
 n - 4 poisoned darts
Armour
 e - a +0 hat (worn)
 m - the +2 troll leather armour "Kalipt" (worn) {rPois Will+ Regen+ Str+5 Slay-2}
   (You found it on level 5 of the Dungeon)

   Str:       It affects your strength (+5).
   Slay:      It affects your accuracy & damage with ranged weapons and melee
   (-2).
   rPois:     It protects you from poison.
   Regen:     It increases your rate of health regeneration.
   Will:      It increases your willpower.
 p - a +2 pair of gloves (worn)
 v - a +1 robe of positive energy
 x - +0 swamp dragon scales
Magical Staves
 j - a staff of conjuration
Jewellery
 b - a ring of protection from cold
 h - an amulet of magic regeneration (around neck)
 k - a +6 ring of intelligence (left hand)
 q - a ring of protection from fire (right hand)
Wands
 a - a wand of polymorph (6)
 r - a wand of acid (3)
 t - a wand of paralysis (16)
 z - a wand of flame (16)
Scrolls
 g - a scroll of identify
 l - 2 scrolls of teleportation
 s - a scroll of enchant armour
Potions
 d - 2 potions of flight
 f - 2 potions of curing
 o - a potion of haste {unknown}


   Skills:
 + Level 5.9 Fighting
 - Level 5.0 Armour
 - Level 4.0 Dodging
 - Level 8.2 Spellcasting
 + Level 7.8 Conjurations
 - Level 3.2 Summonings
 - Level 2.4 Necromancy
 - Level 2.1 Translocations
 - Level 3.2 Transmutations
 - Level 4.7 Fire Magic
 + Level 6.1 Ice Magic
 * Level 5.6 Air Magic
 - Level 2.7 Poison Magic


You had 6 spell levels left.
You knew the following spells:

 Your Spells              Type           Power      Damage    Failure   Level
a - Foxfire               Conj/Fire      100%       2x1d9     1%          1
b - Scorch                Fire           70%        2d9       1%          2
c - Flame Wave            Conj/Fire      43%        3d9       4%          4
d - Mephitic Cloud        Conj/Pois/Air  39%        N/A       1%          3
e - Animate Skeleton      Necr           46%        N/A       2%          1
f - Ignite Poison         Fire/Tmut/Pois 29%        N/A       4%          3
g - Summon Small Mammal   Summ           100%       N/A       1%          1
h - Apportation           Tloc           44%        N/A       2%          1
i - Freezing Cloud        Conj/Ice/Air   22%        6-21      12%         5

Your spell library contained the following spells:

 Spells                   Type           Power      Damage    Failure   Level
 Conjure Flame            Conj/Fire      43%        6-21      1%          3
 Pain                     Necr           92%        1d8       2%          1
 Ensorcelled Hibernation  Hex/Ice        52%        N/A       2%          2
 Spider Form              Tmut/Pois      13%        N/A       6%          3
 Inner Flame              Hex/Fire       22%        N/A       8%          3
 Vampiric Draining        Necr           11%        2d7       8%          3


Dungeon Overview and Level Annotations

Branches:
Dungeon (10/15)            Temple (0/1) D:6            Lair (0/6) D:10
    Orc: D:9-12

Altars:
Ashenzari
Hepliaklqana
Ru
Wu Jian

Shops:
D:4 :


Innate Abilities, Weirdness & Mutations

You are immune to sickness and miasma.
Your stone body is resilient. (AC +8)
You are immune to poison.
You resist negative energy. (rN+)
You are resistant to electric shocks. (rElec)
You are resistant to unholy torment.
You are immune to petrification.
You sometimes lose the ability to read scrolls when taking damage.
You cannot be stealthy.
You have a pair of small antennae on your head.
You are clumsy. (Dex -2)
You are frail. (-10% HP)


Message History

The acid corrodes the boulder beetle!
The boulder beetle is heavily wounded.
The boulder beetle is engulfed in blazing flames.
The boulder beetle leaps!
Casting: Foxfire (safe; 1% risk of failure)
Press: ? - help, Q - select action, (/) - cycle Dir - look around, f - activate
Okay, then.
Throw: 3 boomerangs (disperse)
Press: ? - help, Q - select action, (/) - cycle Shift-Dir - straight line, f/p - boulder beetle
Aim: a boulder beetle (severely wounded, more vulnerable to fire, covered in acid, 88% to hit)
You throw a boomerang of dispersal.
The boomerang of dispersal hits the boulder beetle but does no damage.
The boulder beetle is severely wounded.
The boulder beetle curls into a ball and begins rolling!
You cannot read scrolls in your current state!
Unknown command.
The boulder beetle hits you!!
* * * LOW HITPOINT WARNING * * *
The boulder beetle stops rolling and uncurls.
You focus your inner power and illuminate the boulder beetle in retribution!
You hear two shouts!
Unknown command.
Unknown command.
You feel better. The boulder beetle barely misses you.
Okay, then.
Okay, then.
You cannot read scrolls in your current state!
Unknown command.
Aiming: Corrosive Bolt
Press: ? - help, Shift-Dir - straight line, f/p - boulder beetle
Aim: a boulder beetle (heavily wounded, softly glowing, 100% to hit)
The bolt of acid hits the boulder beetle!
The acid corrodes the boulder beetle!
The boulder beetle is severely wounded.
The boulder beetle bites you!
* * * LOW HITPOINT WARNING * * *
You feel a sense of dread.
c - a +3 vampiric spear (weapon)
The boulder beetle bites you!
You die...

#.##...##.#.... #
#(....#.#....
#....)#...... #
#.)..(#.#...)
#.##)..##.#.... ####
#..##[##..#..## ...
#.......##..# #####.####
####)#####.##
#......B@###.#B#.#.##.#
#......##.#.........#.###
#....##○#.##.#.#.#.##....
#.###..#B.#.........#....
.#...#.#°..#.#.#.#.#..)..
#.###.#.○.#.........#....
#.#.°.##.#.#.#.##....
#.#...#.........#....
.#....##.#.#.#.##....


You could see a boulder beetle (corroded, corona).

Vanquished Creatures
  A fire dragon (D:10)
  2 two-headed ogres (D:10)
  2 centaur warriors (D:10)
  A wizard (D:10)
  A deep elf pyromancer (D:8)
  An ugly thing (D:10)
  The ghost of SkeletonJelly the Transmogrifier, a novice VSTm (D:5)
  Psyche (D:9)
  Maggie (D:10)
  A yaktaur (D:10)
  A kobold demonologist (D:10)
  A troll (D:9)
  Prince Ribbit (D:5)
  The ghost of SkeletonJelly the Sneak, an amateur OpBr (D:4)
  A vampire (D:10)
  A shadow (D:10)
  A wyvern (D:10)
  11 yaks
  4 wraiths
  2 basilisks (D:10)
  A steam dragon (D:10)
  3 water moccasins
  An acid dragon (D:10)
  A sky beast (D:8)
  2 ogres
  4 orc warriors
  3 centaurs
  Blork the orc (D:4)
  A bullfrog (D:7)
  2 gnoll sergeants
  A wyvern zombie (D:8)
  3 water moccasin zombies
  2 scorpions (D:5)
  A water moccasin skeleton (D:5)
  A wyvern skeleton (D:7)
  3 wights (D:7)
  5 killer bees (D:7)
  2 howler monkeys
  2 centaur zombies
  3 hounds
  A quasit (D:6)
  7 orc priests
  A gnoll shaman (D:7)
  A bullfrog skeleton (D:4)
  2 centaur skeletons (D:5)
  5 orc wizards
  2 killer bee zombies
  A hound skeleton (D:5)
  2 howler monkey zombies
  14 gnolls
  2 howler monkey skeletons
  8 adders
  A shadow imp (D:5)
  2 ufetubi
  An adder skeleton (D:5)
  3 dart slugs
  A worm (D:3)
  18 orcs
  4 bats
  2 endoplasms (D:1)
  3 giant cockroaches
  8 hobgoblins
  6 kobolds
  A quokka (D:5)
  5 ball pythons
  3 frilled lizards
  7 goblins
  2 rats
191 creatures vanquished.

Vanquished Creatures (collateral kills)
  An orc priest (D:8)
  An orc wizard (D:8)
  3 orcs
5 creatures vanquished.

Vanquished Creatures (others)
  43 foxfires
  9 plants (D:10)
52 creatures vanquished.

Grand Total: 248 creatures vanquished

Notes
Turn   | Place    | Note
-------+----------+-------------------------------------------
     0 | D:1      | flyleaff the Gargoyle Fire Elementalist began the quest for
                  | the Orb.
     0 | D:1      | Reached XP level 1. HP: 10/10 MP: 3/3
   580 | D:1      | Reached XP level 2. HP: 15/15 MP: 1/5
   583 | D:1      | Learned a level 2 spell: Scorch
  1620 | D:2      | Reached XP level 3. HP: 7/19 MP: 1/7
  1629 | D:2      | Reached skill level 3 in Spellcasting
  1983 | D:2      | Reached XP level 4. HP: 22/24 MP: 8/8
  1988 | D:2      | Learned a level 4 spell: Flame Wave
  2659 | D:3      | Found a hazy altar of Hepliaklqana.
  2669 | D:3      | Found an ornate altar of the Wu Jian Council.
  2761 | D:3      | Reached XP level 5. HP: 20/28 MP: 5/10
  3009 | D:3      | Found a sacrificial altar of Ru.
  3260 | D:4      | Noticed Blork the orc
  3273 | D:4      | Found Metwaw's Self-Improvement Boutique.
  3290 | D:4      | Killed Blork the orc
  3291 | D:4      | Reached skill level 4 in Spellcasting
  3291 | D:4      | Reached XP level 6. HP: 14/32 MP: 2/12
  3474 | D:4      | Learned a level 3 spell: Mephitic Cloud
  3756 | D:4      | Found a large runed translucent door.
  3757 | D:4      | Found a large runed translucent door.
  3759 | D:4      | Noticed SkeletonJelly's ghost (amateur OpBr)
  3833 | D:4      | Gained mutation: Your magical capacity is low. (-10% MP)
                  | [potion of mutation]
  3833 | D:4      | Gained mutation: Your mind is acute. (Int +2) [potion of
                  | mutation]
  3859 | D:4      | Learned a level 1 spell: Animate Skeleton
  3903 | D:4      | Killed SkeletonJelly's ghost
  3904 | D:4      | Reached skill level 1 in Air Magic
  3904 | D:4      | Reached skill level 1 in Poison Magic
  3904 | D:4      | Reached XP level 7. HP: 36/36 MP: 3/13
  3960 | D:3      | Became a worshipper of Ru the Awakened
  4033 | D:5      | Entered Level 5 of the Dungeon
  4034 | D:5      | Noticed Prince Ribbit
  4040 | D:5      | Learned a level 3 spell: Ignite Poison
  4042 | D:5      | Learned a level 1 spell: Summon Small Mammal
  4051 | D:5      | Killed Prince Ribbit
  4052 | D:5      | Reached skill level 5 in Spellcasting
  4052 | D:5      | Reached skill level 1 in Necromancy
  4183 | D:5      | Reached skill level 1 in Summonings
  4183 | D:5      | Reached XP level 8. HP: 41/41 MP: 6/14
  4225 | D:5      | Reached skill level 1 in Transmutations
  4411 | D:5      | Identified the +2 troll leather armour "Kalipt" {rPois
                  | Will+ Regen+ Str+5 Slay-2}
  4445 | D:5      | Found a transporter.
  4534 | D:5      | Found a transporter.
  4574 | D:5      | Noticed SkeletonJelly's ghost (novice VSTm)
  4835 | D:5      | Killed SkeletonJelly's ghost
  4850 | D:5      | Reached skill level 6 in Spellcasting
  4914 | D:6      | Noticed Grinder
  4946 | D:6      | Learned a level 1 spell: Apportation
  4951 | D:6      | HP: 1/41 [ogre (12)]
  5001 | D:6      | Reached XP level 9. HP: 45/45 MP: 10/16
  5022 | D:6      | Found a broken altar of Ashenzari.
  5030 | D:6      | Gained mutation: You sometimes lose the ability to read
                  | scrolls when taking damage. [Ru sacrifice]
  5030 | D:6      | Reached * piety under Ru
  5086 | D:6      | Reached skill level 1 in Armour
  5096 | D:6      | Reached skill level 1 in Fighting
  5295 | D:6      | Noticed Grinder
  5295 | D:6      | Grinder changed into Grinder the quasit
  5302 | D:6      | Killed Grinder the quasit
  5447 | D:6      | Found a staircase to the Ecumenical Temple.
  5911 | D:7      | Reached skill level 7 in Spellcasting
  6046 | D:7      | Reached XP level 10. HP: 53/56 MP: 2/19
  6597 | D:8      | Noticed a deep elf pyromancer
  6610 | D:8      | Killed a deep elf pyromancer
  6611 | D:8      | Reached skill level 8 in Spellcasting
  6803 | D:8      | Reached skill level 5 in Armour
  7063 | D:8      | Gained mutation: You cannot be stealthy. [Ru sacrifice]
  7063 | D:8      | Reached ** piety under Ru
  7205 | D:8      | Reached skill level 1 in Translocations
  7482 | D:8      | Learned a level 5 spell: Freezing Cloud
  7719 | D:9      | Reached skill level 1 in Ice Magic
  7995 | D:9      | Noticed Psyche
  8001 | D:9      | Killed Psyche
  8206 | D:10     | Entered Level 10 of the Dungeon
  8234 | D:10     | Noticed Maggie
  8243 | D:10     | Killed Maggie
  8244 | D:10     | Reached skill level 5 in Conjurations
  8305 | D:10     | Lost mutation: Your magical capacity is low. (-10% MP)
                  | [potion of mutation]
  8305 | D:10     | Lost mutation: Your mind is acute. (Int +2) [potion of
                  | mutation]
  8305 | D:10     | Gained mutation: You have a pair of small antennae on your
                  | head. [potion of mutation]
  8305 | D:10     | Gained mutation: You are frail. (-10% HP) [potion of
                  | mutation]
  8305 | D:10     | Gained mutation: You are clumsy. (Dex -2) [potion of
                  | mutation]
  8412 | D:10     | Noticed a two-headed ogre
  8413 | D:10     | Found a staircase to the Lair.
  8419 | D:10     | Killed a two-headed ogre
  8420 | D:10     | Reached XP level 11. HP: 55/55 MP: 14/23
  8520 | D:10     | Noticed a two-headed ogre
  8529 | D:10     | Killed a two-headed ogre
  8530 | D:10     | Reached skill level 5 in Ice Magic
  8562 | D:10     | Noticed a fire dragon
  8582 | D:10     | Killed a fire dragon
  8725 | D:10     | Noticed a centaur warrior
  8792 | D:9      | Upgraded the game from 0.28-a0-664-gc179e30c89 to
                  | 0.28-a0-683-ga8797d1ae1
  8797 | D:10     | Killed a centaur warrior
  8814 | D:10     | Reached skill level 5 in Fighting
  8837 | D:10     | Noticed a white ugly thing
  8846 | D:10     | Killed a white ugly thing
  8902 | D:10     | Noticed a boulder beetle
  9073 | D:10     | Noticed a centaur warrior
  9099 | D:10     | Killed a centaur warrior
  9099 | D:10     | Noticed a wizard
  9100 | D:10     | Reached skill level 5 in Air Magic
  9136 | D:10     | Killed a wizard
  9137 | D:10     | Reached XP level 12. HP: 60/62 MP: 4/24
  9240 | D:10     | Slain by a boulder beetle

Illustrated notes

Levels and vault maps discovered:
D:1:      dpeg_arrival_tiny_g, layout_basic, kennysheep_another_room
D:2:      layout_loops_corners
D:3:      layout_rooms, lemuel_doored_altar, mainiacjoe_overflow_large_starburst
D:4:      layout_rooms, ebering_ghost_disaster_area, nicolae_shop_self_help,
          uniq_blork_the_orc
D:5:      layout_cave_pools, gammafunk_ghost_mausoleum, uniq_prince_ribbit1
D:6:      layout_rooms, nicolae_overflow_crystal_walls,
          minmay_temple_entry_proselytizer, uniq_grinder
D:7:      layout_basic
D:8:      layout_gridville
D:9:      layout_loops_ring, uniq_psyche
D:10:     minmay_the_grid_4x2 [minmay_the_grid_garden,
          minmay_the_grid_minigrid_large, minmay_the_grid_expand,
          minmay_the_grid_doors, minmay_the_grid_minigrid_small_alt,
          minmay_the_grid_dragon_b, minmay_the_grid_paths,
          minmay_the_grid_prize_shrinking_boxes], layout_rooms,
          lair_entry_dummy, minmay_misc_feat_rows, uniq_josephine, uniq_maggie

Skill      XL: |  1  2  3  4  5  6  7  8  9 10 11 |
---------------+----------------------------------+-----
Conjurations   | 2 3 5 7 |  7.8
Spellcasting   | 3 4 5 6 7 8 |  8.2
Fire Magic     | 4 |  4.7
Air Magic      | 1 2 3 5 |  5.6
Poison Magic   | 1 2 |  2.7
Necromancy     | 1 2 |  2.4
Summonings     | 1 3 |  3.2
Transmutations | 3 |  3.2
Armour         | 4 5 |  5.0
Fighting       | 3 4 5 |  5.9
Dodging        | 3 4 |  4.0
Stealth        | 0 |  0.0
Translocations | 2 |  2.1
Ice Magic      | 4 6 |  6.1

Action                   |  1- 3 |  4- 6 |  7- 9 | 10-12 || total
-------------------------+-------+-------+-------+-------++-------
Melee: Unarmed           |    13 |       |       |       ||    13
       Short sword       |    35 |    63 |    50 |       ||   148
       Staff             |       |       |    23 |    77 ||   100
Throw: Boomerang         |       |       |       |     1 ||     1
 Cast: Foxfire           |    11 |       |     5 |     9 ||    25
       Scorch            |    10 |    59 |   115 |   137 ||   321
       Mephitic Cloud    |       |       |    10 |    21 ||    31
       Ignite Poison     |       |       |     5 |     9 ||    14
       Animate Skeleton  |       |       |    11 |    11 ||    22
       Summon Small Mamm |       |       |     4 |     1 ||     5
       Flame Wave        |       |       |     2 |     3 ||     5
Invok: Sacrifice Words   |       |       |     1 |       ||     1
       Sacrifice Stealth |       |       |       |     1 ||     1
Evoke: Wand              |       |       |     2 |    19 ||    21
  Use: Potion            |     1 |     4 |     3 |     6 ||    14
       Scroll            |       |     5 |     7 |     3 ||    15
 Stab: Sleeping          |     5 |     3 |       |     1 ||     9
       Confused          |       |       |     1 |       ||     1
Armor: Robe              |    22 |    38 |     3 |       ||    63
       Troll leather arm |       |       |    76 |   103 ||   179
       Skin              |       |       |    11 |       ||    11
Dodge: Dodged            |    25 |    62 |   111 |   131 ||   329

Table legend: (Time is in decaauts)
 A = Elapsed time spent in this place.
 B = Non-inter-level travel time spent in this place.
 C = Inter-level travel time spent in this place.
 D = Time resting spent in this place.
 E = Time spent auto-exploring this place.
 F = Levels seen in this place.
 G = Mean time per level.
                   A        B        C        D        E       F      G
               +--------+--------+--------+--------+--------+-----+--------+
         Total |   9275 |   8913 |    362 |     21 |   7122 |  10 |  927.5 |
       Dungeon |   9275 |   8913 |    362 |     21 |   7122 |  10 |  927.5 |
               +--------+--------+--------+--------+--------+-----+--------+

Top non-repeatable levels by time:
     D:2: 1410 daAuts
     D:1: 1232 daAuts
     D:7: 1017 daAuts
    D:10: 991 daAuts
     D:8: 956 daAuts
     D:5: 918 daAuts
     D:3: 816 daAuts
     D:9: 758 daAuts
     D:6: 591 daAuts
     D:4: 582 daAuts
